TOP OF THE 1ST |
Kansas City Kings batting - Pitching for Springfield Stars : LHP José López
|
Pitching: LHP José López
|
|
Batting: RHB Chris Chandler
|
0-0: Called Strike 0-1: Ball 1-1: SINGLE (Groundball, 23) (infield hit)
|
Batting: LHB Ray Spencer
|
0-0: Called Strike 0-1: Fielders Choice at 2nd, 4-6 (Groundball, 4)
|
Batting: RHB Toshimichi Kono
|
0-0: Ball 1-0: Ball 2-0: Foul Ball, location: 2F 2-1: Foul Ball, location: 2F 2-2: Fly out, F7 (Line Drive, 78S)
|
Batting: LHB Pablo Reyes
|
0-0: Ball 1-0: Ball 2-0: Called Strike 2-1: Ball 3-1: Foul Ball, location: 2F 3-2: SINGLE (Groundball, 3D) Ray Spencer to second Ray Spencer to third
|
Batting: RHB Dave Parker
|
0-0: Ball 1-0: Fly out, F9 (Flyball, 9M)
|
Top of the 1st over - 0 run(s), 2 hit(s), 0 error(s), 2 left on base; Kansas City 0 - Springfield 0 |
BOTTOM OF THE 1ST |
Springfield Stars batting - Pitching for Kansas City Kings : RHP Carlos Pacheco
|
Pitching: RHP Carlos Pacheco
|
|
Batting: RHB Juan Rodríguez
|
0-0: Ball 1-0: Ball 2-0: Foul Ball, location: 2F 2-1: SINGLE (Line Drive, 8LS)
|
Batting: RHB Norberto Taváres
|
0-0: Foul Ball, location: 2F 0-1: Foul Ball, location: 2F 0-2: Ball 1-2: Ball 2-2: Ball 3-2: Ground out 5-3 (Groundball, 5S) Juan Rodríguez to second
|
Batting: LHB Derek Davidson
|
0-0: Ball Juan Rodríguez steals 3rd base 1-0: Ball 2-0: Ball 3-0: Swinging Strike 3-1: Called Strike 3-2: Base on Balls
|
Batting: LHB Felipe Guerrero
|
0-0: Ball 1-0: Ball 2-0: Foul Ball, location: 2F 2-1: Ball 3-1: Swinging Strike 3-2: Base on Balls Derek Davidson to second
|
Batting: LHB Elliott Newell
|
0-0: Ball 1-0: Ball 2-0: Fly out, F9 (Flyball, 9M) Runner from 3rd tags up, SCORES, throw made
|
Batting: RHB Juan Carlos Rodríguez
|
0-0: Swinging Strike 0-1: Foul Ball, location: 2F 0-2: Ball 1-2: Strikes out swinging
|
Bottom of the 1st over - 1 run(s), 1 hit(s), 0 error(s), 2 left on base; Kansas City 0 - Springfield 1 |
TOP OF THE 2ND |
Kansas City Kings batting - Pitching for Springfield Stars : LHP José López
|
Batting: SHB Víctor Serrano
|
0-0: Ball 1-0: Ball 2-0: Called Strike 2-1: Ground out 1-3 (Groundball, 13S)
|
Batting: LHB Vic Robertson
|
0-0: Called Strike 0-1: Fly out, F9 (Flyball, 89S)
|
Batting: LHB Brian Boone
|
0-0: Ball 1-0: Swinging Strike 1-1: Foul Ball, location: 2F 1-2: Strikes out swinging
|
Top of the 2nd over - 0 run(s), 0 hit(s), 0 error(s), 0 left on base; Kansas City 0 - Springfield 1 |
BOTTOM OF THE 2ND |
Springfield Stars batting - Pitching for Kansas City Kings : RHP Carlos Pacheco
|
Batting: SHB Shane Hutchinson
|
0-0: Foul Ball, location: 2F 0-1: Swinging Strike 0-2: Ball 1-2: Foul Ball, location: 2F 1-2: Foul Ball, location: 2F 1-2: Ground out U3 (Groundball, 3)
|
Batting: RHB Will Sterling
|
0-0: Ground out 4-3 (Groundball, 4M)
|
Batting: LHB Jesús Tobías
|
0-0: Ground out 4-3 (Groundball, 4)
|
Bottom of the 2nd over - 0 run(s), 0 hit(s), 0 error(s), 0 left on base; Kansas City 0 - Springfield 1 |
TOP OF THE 3RD |
Kansas City Kings batting - Pitching for Springfield Stars : LHP José López
|
Batting: RHB Matt Richards
|
0-0: Called Strike 0-1: Ball 1-1: Ground out 6-3 (Groundball, 6)
|
Batting: RHB Chris Chandler
|
0-0: Called Strike 0-1: Foul Ball, location: 2F 0-2: Fly out, F9 (Flyball, 89M)
|
Batting: LHB Ray Spencer
|
0-0: Called Strike 0-1: Ball 1-1: SINGLE (Flyball, 8LS)
|
Batting: RHB Toshimichi Kono
|
0-0: Ball 1-0: Swinging Strike 1-1: Called Strike 1-2: Foul Ball, location: 2F 1-2: Ball 2-2: Ground out 1-3 (Groundball, 15S)
|
Top of the 3rd over - 0 run(s), 1 hit(s), 0 error(s), 1 left on base; Kansas City 0 - Springfield 1 |
BOTTOM OF THE 3RD |
Springfield Stars batting - Pitching for Kansas City Kings : RHP Carlos Pacheco
|
Batting: RHB Juan Rodríguez
|
0-0: Ball 1-0: Ball 2-0: Called Strike 2-1: Ball 3-1: Foul Ball, location: 2F 3-2: Ground out U3 (Groundball, 3L)
|
Batting: RHB Norberto Taváres
|
0-0: Called Strike 0-1: Ball 1-1: Called Strike 1-2: Ball 2-2: Ball 3-2: SINGLE (Groundball, 4MD)
|
Batting: LHB Derek Davidson
|
0-0: Ball Norberto Taváres steals 2nd base 1-0: Ball 2-0: Foul Ball, location: 2F 2-1: Foul Ball, location: 2F 2-2: SINGLE (Groundball, 34D) Norberto Taváres to third Runner from 3rd tries for Home, throw and OUT! Derek Davidson to second
|
Batting: LHB Felipe Guerrero
|
0-0: Ball 1-0: Fly out, F7 (Flyball, 7M)
|
Bottom of the 3rd over - 0 run(s), 2 hit(s), 0 error(s), 1 left on base; Kansas City 0 - Springfield 1 |
TOP OF THE 4TH |
Kansas City Kings batting - Pitching for Springfield Stars : LHP José López
|
Batting: LHB Pablo Reyes
|
0-0: Ball 1-0: Ground out 4-3 (Groundball, 4)
|
Batting: RHB Dave Parker
|
0-0: Called Strike 0-1: Ball 1-1: Swinging Strike 1-2: Strikes out swinging
|
Batting: SHB Víctor Serrano
|
0-0: Ball 1-0: Fly out, F4 (Popup, 4S)
|
Top of the 4th over - 0 run(s), 0 hit(s), 0 error(s), 0 left on base; Kansas City 0 - Springfield 1 |
BOTTOM OF THE 4TH |
Springfield Stars batting - Pitching for Kansas City Kings : RHP Carlos Pacheco
|
Batting: LHB Elliott Newell
|
0-0: Ground out 4-3 (Groundball, 4)
|
Batting: RHB Juan Carlos Rodríguez
|
0-0: Ball 1-0: Swinging Strike 1-1: Called Strike 1-2: Ball 2-2: Ground out 4-3 (Groundball, 4)
|
Batting: SHB Shane Hutchinson
|
0-0: Called Strike 0-1: Swinging Strike 0-2: Hit by Pitch
|
Batting: RHB Will Sterling
|
0-0: Called Strike 0-1: Ball 1-1: Swinging Strike 1-2: Foul Ball, location: 2F 1-2: Foul Ball, location: 2F 1-2: Ball 2-2: Ball 3-2: Foul Ball, location: 2F 3-2: Ground out 5-3 (Groundball, 5)
|
Bottom of the 4th over - 0 run(s), 0 hit(s), 0 error(s), 1 left on base; Kansas City 0 - Springfield 1 |
TOP OF THE 5TH |
Kansas City Kings batting - Pitching for Springfield Stars : LHP José López
|
Batting: LHB Vic Robertson
|
0-0: Ball 1-0: Called Strike 1-1: Ball 2-1: Foul Ball, location: 2F 2-2: Ball 3-2: Foul Ball, location: 2F 3-2: Foul Ball, location: 2F 3-2: Base on Balls
|
Batting: LHB Brian Boone
|
0-0: Ball 1-0: Foul Ball, location: 2F 1-1: Fly out, F6 (Popup, 56D)
|
Batting: RHB Matt Richards
|
0-0: Ball 1-0: Called Strike 1-1: Ball 2-1: Ground out 5-3 (Groundball, 5L) Vic Robertson to second
|
Batting: RHB Chris Chandler
|
0-0: Ball 1-0: Fly out, F7 (Flyball, 7LM)
|
Top of the 5th over - 0 run(s), 0 hit(s), 0 error(s), 1 left on base; Kansas City 0 - Springfield 1 |
BOTTOM OF THE 5TH |
Springfield Stars batting - Pitching for Kansas City Kings : RHP Carlos Pacheco
|
Batting: LHB Jesús Tobías
|
0-0: Called Strike 0-1: Foul Ball, location: 2F 0-2: Ball 1-2: Foul Ball, location: 2F 1-2: Foul Ball, location: 2F 1-2: Strikes out looking
|
Batting: RHB Juan Rodríguez
|
0-0: Foul Ball, location: 2F 0-1: Foul Ball, location: 2F 0-2: Ball 1-2: Ball 2-2: Strikes out swinging
|
Batting: RHB Norberto Taváres
|
0-0: Called Strike 0-1: Ball 1-1: Swinging Strike 1-2: Ball 2-2: SINGLE (Groundball, 56D)
|
Batting: LHB Derek Davidson
|
0-0: Called Strike Norberto Taváres steals 2nd base 0-1: Ball 1-1: Called Strike 1-2: Foul Ball, location: 2F 1-2: Ball 2-2: Ball 3-2: Foul Ball, location: 2F 3-2: Base on Balls
|
Batting: LHB Felipe Guerrero
|
0-0: Ball 1-0: Ball 2-0: Ball 3-0: Base on Balls Norberto Taváres to third Derek Davidson to second
|
Batting: LHB Elliott Newell
|
0-0: Called Strike 0-1: Ball 1-1: Ball 2-1: Foul Ball, location: 2F 2-2: Strikes out looking
|
Bottom of the 5th over - 0 run(s), 1 hit(s), 0 error(s), 3 left on base; Kansas City 0 - Springfield 1 |
TOP OF THE 6TH |
Kansas City Kings batting - Pitching for Springfield Stars : LHP José López
|
Batting: LHB Ray Spencer
|
0-0: Ball 1-0: Ground out U3 (Groundball, 3S)
|
Batting: RHB Toshimichi Kono
|
0-0: Ball 1-0: Ball 2-0: Ball 3-0: Called Strike 3-1: Base on Balls
|
Batting: LHB Pablo Reyes
|
0-0: Called Strike 0-1: Ball 1-1: Fly out, F9 (Line Drive, 89S)
|
Batting: RHB Dave Parker
|
0-0: Ball 1-0: Ball 2-0: Called Strike 2-1: Ball 3-1: Fly out, F7 (Popup, 78S)
|
Top of the 6th over - 0 run(s), 0 hit(s), 0 error(s), 1 left on base; Kansas City 0 - Springfield 1 |
BOTTOM OF THE 6TH |
Springfield Stars batting - Pitching for Kansas City Kings : RHP Carlos Pacheco
|
Pitching: RHP Norman White
|
|
Batting: RHB Juan Carlos Rodríguez
|
0-0: Fly out, F4 (Popup, 3F)
|
Batting: SHB Shane Hutchinson
|
0-0: Foul Ball, location: 2F 0-1: Ball 1-1: Foul Ball, location: 2F 1-2: Strikes out looking
|
Batting: RHB Will Sterling
|
0-0: Foul Ball, location: 2F 0-1: SINGLE (Groundball, 56D)
|
Batting: LHB Jesús Tobías
|
0-0: Ball 1-0: Swinging Strike 1-1: Called Strike 1-2: Foul Ball, location: 2F 1-2: Fly out, F9 (Line Drive, 9S)
|
Bottom of the 6th over - 0 run(s), 1 hit(s), 0 error(s), 1 left on base; Kansas City 0 - Springfield 1 |
TOP OF THE 7TH |
Kansas City Kings batting - Pitching for Springfield Stars : LHP José López
|
Batting: SHB Víctor Serrano
|
0-0: Ball 1-0: Swinging Strike 1-1: Ball 2-1: Fly out, F9 (Flyball, 9D)
|
Batting: LHB Vic Robertson
|
0-0: Ball 1-0: Foul Ball, location: 2F 1-1: Foul Ball, location: 2F 1-2: Strikes out swinging
|
Batting: LHB Brian Boone
|
0-0: Ground out 4-3 (Groundball, 34)
|
Top of the 7th over - 0 run(s), 0 hit(s), 0 error(s), 0 left on base; Kansas City 0 - Springfield 1 |
BOTTOM OF THE 7TH |
Springfield Stars batting - Pitching for Kansas City Kings : RHP Norman White
|
Batting: RHB Juan Rodríguez
|
0-0: Ball 1-0: Called Strike 1-1: Fly out, F8 (Flyball, 8LXD)
|
Batting: RHB Norberto Taváres
|
0-0: Foul Ball, location: 2F 0-1: Ball 1-1: Foul Ball, location: 2F 1-2: Foul Ball, location: 2F 1-2: Hit by Pitch
|
Pitching: LHP Víctor Soto
|
|
Batting: LHB Derek Davidson
|
0-0: Ball 1-0: Foul Ball, location: 2F 1-1: Called Strike 1-2: SINGLE (Groundball, 23) (infield hit) Norberto Taváres to second
|
Pinch Hitting: RHB Calvin Bennett
|
0-0: Ball 1-0: Foul Ball, location: 2F 1-1: Called Strike 1-2: Ball 2-2: Grounds into double play, 6-4-3 (Groundball, 6)
|
Bottom of the 7th over - 0 run(s), 1 hit(s), 0 error(s), 1 left on base; Kansas City 0 - Springfield 1 |
TOP OF THE 8TH |
Kansas City Kings batting - Pitching for Springfield Stars : LHP José López
|
Now in CF: Calvin Bennett
|
|
Batting: RHB Matt Richards
|
0-0: Ball 1-0: Called Strike 1-1: Called Strike 1-2: Ground out 5-3 (Groundball, 5L)
|
Pitching: RHP José Valdéz
|
|
Batting: RHB Chris Chandler
|
0-0: Swinging Strike 0-1: Swinging Strike 0-2: Foul Ball, location: 2F 0-2: Ball 1-2: Foul Ball, location: 2F 1-2: Strikes out swinging
|
Batting: LHB Ray Spencer
|
0-0: Called Strike 0-1: SINGLE (Line Drive, 89S)
|
Batting: RHB Toshimichi Kono
|
0-0: Ball 1-0: SINGLE (Groundball, 56D) Ray Spencer to second
|
Batting: LHB Pablo Reyes
|
0-0: Called Strike 0-1: Ball 1-1: Called Strike 1-2: Foul Ball, location: 2F 1-2: Foul Ball, location: 2F 1-2: Ball 2-2: Strikes out looking
|
Top of the 8th over - 0 run(s), 2 hit(s), 0 error(s), 2 left on base; Kansas City 0 - Springfield 1 |
BOTTOM OF THE 8TH |
Springfield Stars batting - Pitching for Kansas City Kings : LHP Víctor Soto
|
Pitching: RHP Tommy Smith
|
|
Batting: LHB Elliott Newell
|
0-0: Foul Ball, location: 2F 0-1: Ball 1-1: Foul Ball, location: 2F 1-2: Strikes out swinging
|
Batting: RHB Juan Carlos Rodríguez
|
0-0: SINGLE (Groundball, 6MD)
|
Batting: SHB Shane Hutchinson
|
0-0: Called Strike 0-1: Swinging Strike 0-2: Foul Ball, location: 2F 0-2: Ball 1-2: Foul Ball, location: 2F 1-2: Fielders Choice at 2nd, 4-6 (Groundball, 4)
|
Batting: RHB Will Sterling
|
0-0: Called Strike Shane Hutchinson steals 2nd base 0-1: Swinging Strike 0-2: Ball 1-2: Foul Ball, location: 2F 1-2: Ball 2-2: Ball 3-2: Fly out, F9 (Line Drive, 89D)
|
Bottom of the 8th over - 0 run(s), 1 hit(s), 0 error(s), 1 left on base; Kansas City 0 - Springfield 1 |
TOP OF THE 9TH |
Kansas City Kings batting - Pitching for Springfield Stars : RHP José Valdéz
|
Now at 2B: David García
|
|
Batting: RHB Dave Parker
|
0-0: Ground out 4-3 (Groundball, 4M)
|
Batting: SHB Víctor Serrano
|
0-0: Ball 1-0: Ball 2-0: Called Strike 2-1: Foul Ball, location: 2F 2-2: Strikes out looking
|
Batting: LHB Vic Robertson
|
0-0: Called Strike 0-1: Foul Ball, location: 2F 0-2: Ball 1-2: Strikes out swinging
|
Top of the 9th over - 0 run(s), 0 hit(s), 0 error(s), 0 left on base; Kansas City 0 - Springfield 1 |
|